 Dungeon Crawl Stone Soup version 0.31-a0-233-g139696dc86 (webtiles) character file.

Game seed: 6490021444452852276

340 qw the Shooter (level 6, -1/37 HPs)
             Began as a Gargoyle Hexslinger on July 8, 2023.
             Was an Initiate of Okawaru.
             Slain by a wraith (3 damage)
             ... in an ossuary.
             The game lasted 00:01:42 (4121 turns).

qw the Shooter (Gargoyle Hexslinger)                Turns: 4121, Time: 00:01:43

Health: -1/37      AC: 11    Str: 12    XL:     6   Next: 56%
Magic:  7/7        EV: 10    Int: 13    God:    Okawaru [......]
Gold:   311        SH:  0    Dex: 14    Spells: 6/7 levels left

rFire   . . .        Y - +3 sling
rCold   . . .        (no shield)
rNeg    + . .        c - +0 ring mail
rPois   inf          (no helmet)
rElec   +            (no cloak)
rCorr   .            b - +1 pair of gloves
SInv    .            (no boots)
Will    .....        g - amulet of regeneration
Stlth   +            (no ring)
HPRegen 1.06/turn    (no ring)
MPRegen 0.10/turn

%: no passive effects
@: slowed, very slow
A: sickness immunity, AC +4, negative energy resistance 1, electricity
resistance, torment resistance 1, petrification resistance
a: Renounce Religion


You were in an ossuary.
You worshipped Okawaru.
Okawaru was noncommittal.
You visited 2 branches of the dungeon, and saw 6 of its levels.
You also visited: Ossuary.

You collected 311 gold pieces.


Innate Abilities, Weirdness & Mutations

You are immune to sickness and miasma.
Your stone body is resilient. (AC +4)
You are immune to poison.
You resist negative energy. (rN+)
You are resistant to electric shocks. (rElec)
You are resistant to unholy torment.
You are immune to petrification.


   Skills:
 - Level 3.2 Fighting
 + Level 5.6 Ranged Weapons
 - Level 1.9 Armour
 - Level 1.5 Dodging
 - Level 1.0 Spellcasting
 - Level 2.6 Hexes


You had 6 spell levels left.
You knew the following spells:

 Your Spells              Type           Power      Damage    Failure   Level
a - Slow                  Hex            28%        N/A       21%         1

Your spell library contained the following spells:

 Spells                   Type           Power      Damage    Failure   Level
 Inner Flame              Hex/Fire       4%         N/A       71%         3
 Portal Projectile        Hex/Tloc       8%         N/A       71%         3
 Cause Fear               Hex            3%         N/A       90%         4

Inventory:

Hand Weapons
 Y - a +3 sling (weapon)
Armour
 b - a +1 pair of gloves (worn)
 c - a +0 ring mail (worn)
Jewellery
 g - an amulet of regeneration (around neck)
Scrolls
 i - 2 scrolls of identify
Potions
 a - a potion of invisibility {unknown}
 d - 3 potions of haste
 e - a potion of mutation
 f - a potion of might
 h - 2 potions of magic
 j - 3 potions of curing
 k - 2 potions of degeneration {unknown}
 l - a potion of attraction {unknown}

Dungeon Overview and Level Annotations

Branches:
Dungeon (5/15)             Temple (1/1) D:4         Ossuary (1/1)

Altars:
Ashenzari
Cheibriados
Dithmenos
Fedhas
Kikubaaqudgha
Makhleb
Nemelex Xobeh
Okawaru
Qazlal
Ru
Uskayaw
Vehumet
Wu Jian
Yredelemnul
The Shining One

Shops:
D:2 =   D:3 :

Annotations:
D:2 1 runed translucent door, Crazy Yiuf


Message History

The sling bullet hits the wraith but does no damage.
The wraith hits you. The wraith drains your vigour!
You feel as though you will be slow longer.
The wraith hits you.
You shoot a sling bullet.
The sling bullet hits the wraith but does no damage.
The wraith hits you but does no damage.
You shoot a sling bullet. The sling bullet hits the wraith.
The wraith is lightly damaged.
The wraith hits you but does no damage. x2
You shoot a sling bullet. The sling bullet hits the wraith.
The wraith is moderately damaged.
The wraith closely misses you. x2
You shoot a sling bullet.
The sling bullet closely misses the wraith.
The wraith hits you but does no damage. The wraith hits you.
The wraith drains your vigour!
You feel as though you will be slow longer.
You shoot a sling bullet. The sling bullet hits the wraith.
The wraith is moderately damaged.
The wraith hits you but does no damage. The wraith barely misses you.
You shoot a sling bullet. The sling bullet hits the wraith.
The wraith is moderately damaged.
The wraith hits you! The wraith hits you. The wraith drains your vigour!
You feel as though you will be slow longer.
You shoot a sling bullet.
The sling bullet hits the wraith but does no damage.
The wraith is moderately damaged.
The wraith hits you.
You shoot a sling bullet. The sling bullet hits the wraith.
The wraith is heavily damaged.
The wraith hits you. The wraith drains your vigour!
You feel as though you will be slow longer.
The wraith hits you! The wraith drains your vigour!
You feel as though you will be slow longer.
You shoot a sling bullet.
The sling bullet hits the wraith but does no damage.
The wraith is heavily damaged.
The wraith hits you.
You die...

......................#
......................#
#......###......####..#
...8...# #...8...+ #..#
#......# #......####..#
.......# #............#
......................#
#.####.....####.####..#
..# ...8.. #.@W?#..#
#.####.....####.####..#
......................#
.......#.#............#
#......# #......####..#
...8...# #...8...'.#..#
#......###......####..#
......................#
......................#


You could see a wraith.

Vanquished Creatures
  2 jellies (D:5)
  Ijyb (D:3)
  A hound (D:4)
  Natasha (thrice) (D:4)
  2 mummies (Ossuary)
  4 adders
  5 dart slugs
  6 bats
  10 endoplasms
  A giant cockroach (D:1)
  4 goblins
  8 hobgoblins
  4 jackals (D:4)
  2 quokkas
  14 ball pythons
  8 frilled lizards
  3 goblin zombies (Ossuary)
  9 kobolds
  3 kobold zombies (Ossuary)
  4 rats
94 creatures vanquished.

Notes
Turn   | Place    | Note
-------+----------+-------------------------------------------
     0 | D:1      | qw the Gargoyle Hexslinger began the quest for the Orb.
     0 | D:1      | Reached XP level 1. HP: 12/12 MP: 2/2
     0 | D:1      | 0 ||| qw: Version: 0.3-a-46-gb1f654a
     0 | D:1      | 0 ||| qw: Game counter: 3724
     0 | D:1      | 0 ||| qw: Melee chars always use a shield: true
     0 | D:1      | 0 ||| qw: God list: Okawaru
     0 | D:1      | 0 ||| qw: Allow faded altars: false
     0 | D:1      | 0 ||| qw: Do Orc after clearing Dungeon:15 true
     0 | D:1      | 0 ||| qw: Do second Lair branch before Depths: true
     0 | D:1      | 0 ||| qw: Lair rune preference: random
     0 | D:1      | 0 ||| qw: Goals: Normal
     0 | D:1      | 0 ||| PLANNING D:1-11
    45 | D:1      | 45 ||| FLEEEEING.
    62 | D:1      | Reached XP level 2. HP: 16/16 MP: 3/3
   164 | D:1      | Reached skill level 3 in Ranged Weapons
   443 | D:1      | Reached XP level 3. HP: 21/21 MP: 4/4
   765 | D:1      | 765 ||| UPGRADING to +0 leather armour.
   775 | D:1      | 775 ||| DROPPING +0 robe.
   776 | D:1      | 776 ||| READING 3 scrolls labelled YRPHAGH BISHUIM.
   779 | D:1      | 779 ||| READING scroll labelled KIBOOD AREH.
   780 | D:1      | 780 ||| DRINKING 2 orange potions.
   781 | D:1      | 781 ||| DROPPING scroll of poison.
   782 | D:1      | 782 ||| DROPPING potion of magic.
   924 | D:2      | Identified the +5 mace of Wu Jian {holy, Dex+2}
  1135 | D:2      | Found a runed translucent door.
  1136 | D:2      | Noticed Crazy Yiuf
  1179 | D:2      | Reached XP level 4. HP: 25/26 MP: 5/5
  1235 | D:2      | Found Pinojaqu's Jewellery Shop.
  1243 | D:2      | 1243 ||| SHOPLISTING +5 ring of evasion (504 gold, have
                  | 198).
  1243 | D:2      | 1243 ||| SHOPLISTING +6 ring of strength (504 gold, have
                  | 198).
  1243 | D:2      | 1243 ||| SHOPLISTING amulet of regeneration (420 gold, have
                  | 198).
  1327 | D:2      | Reached skill level 4 in Ranged Weapons
  1783 | D:2      | 1783 ||| UPGRADING to +0 pair of gloves.
  1788 | D:2      | 1788 ||| UPGRADING to +0 ring mail.
  1798 | D:2      | 1798 ||| DROPPING +0 leather armour.
  1799 | D:2      | 1799 ||| READING scroll labelled ZUEJAF MELO ULIA.
  1800 | D:2      | 1800 ||| READING scroll labelled ASUIJAS YHEWO.
  1835 | D:3      | Found a sparkling altar of Nemelex Xobeh.
  1889 | D:3      | 1889 ||| READING scroll of enchant weapon.
  1889 | D:3      | 1889 ||| ENCHANTING +2 sling.
  1943 | D:3      | Found Dybriypn's Book Emporium.
  1997 | D:3      | Found a faded altar of an unknown god.
  2203 | D:3      | Noticed Ijyb
  2211 | D:3      | 2211 ||| READING 2 scrolls of teleportation.
  2212 | D:3      | 2212 ||| FLEEEEING.
  2213 | D:3      | 2213 ||| FLEEEEING.
  2214 | D:3      | 2214 ||| FLEEEEING.
  2215 | D:3      | 2215 ||| FLEEEEING.
  2216 | D:3      | 2216 ||| FLEEEEING.
  2221 | D:3      | 2221 ||| STAIRDANCE
  2274 | D:2      | 2274 ||| READING scroll labelled ZUDO BEMARICH.
  2275 | D:2      | 2275 ||| READING scroll labelled RUDDYW VO PUHORIN.
  2276 | D:2      | 2276 ||| READING scroll labelled KEALIEWAANN.
  2277 | D:2      | 2277 ||| READING scroll labelled YKLO JOREFFAUNN.
  2278 | D:2      | 2278 ||| READING scroll labelled JOSELU HAJAE.
  2377 | D:3      | 2377 ||| FLEEEEING.
  2378 | D:3      | 2378 ||| FLEEEEING.
  2379 | D:3      | 2379 ||| FLEEEEING.
  2380 | D:3      | 2380 ||| READING scroll of teleportation.
  2381 | D:3      | 2381 ||| FLEEEEING.
  2382 | D:3      | 2382 ||| FLEEEEING.
  2383 | D:3      | 2383 ||| FLEEEEING.
  2384 | D:3      | 2384 ||| FLEEEEING.
  2451 | D:3      | Killed Ijyb
  2452 | D:3      | Reached skill level 1 in Armour
  2641 | D:3      | 2641 ||| READING 2 scrolls of identify.
  2641 | D:3      | 2641 ||| IDENTIFYING fuming blue potion
  2784 | D:4      | Reached XP level 5. HP: 30/30 MP: 6/6
  2970 | D:4      | Found a stormy altar of Qazlal.
  3056 | D:4      | Noticed Natasha
  3074 | D:4      | HP: 5/30 [Natasha/magic dart (4)]
  3075 | D:4      | 3075 ||| DRINKING potion of heal wounds.
  3082 | D:4      | Killed Natasha
  3147 | D:4      | Found a staircase to the Ecumenical Temple.
  3148 | D:4      | 3148 ||| PLANNING TEMPLE
  3148 | D:4      | 3148 ||| DROPPING amulet of magic regeneration.
  3149 | D:4      | 3149 ||| UPGRADING to amulet of regeneration.
  3154 | D:4      | 3154 ||| DROPPING ring of magical power.
  3155 | D:4      | 3155 ||| DRINKING 2 bubbling yellow potions.
  3156 | D:4      | 3156 ||| READING 3 scrolls of identify.
  3156 | D:4      | 3156 ||| IDENTIFYING smoky clear potion
  3157 | D:4      | 3157 ||| READING 2 scrolls of identify.
  3157 | D:4      | 3157 ||| IDENTIFYING amethyst potion
  3169 | Temple   | Entered the Ecumenical Temple
  3224 | Temple   | 3224 ||| PLANNING OKAWARU WORSHIP
  3232 | Temple   | Became a worshipper of Warmaster Okawaru
  3233 | Temple   | 3233 ||| PLANNING D:1-11
  3370 | D:4      | Noticed Natasha
  3376 | D:4      | 3376 ||| Stepping ~*~*~tactically~*~*~ (outnumbered).
  3379 | D:4      | Killed Natasha
  3380 | D:4      | Reached skill level 5 in Ranged Weapons
  3627 | D:4      | Noticed Natasha
  3639 | D:4      | Killed Natasha
  3640 | D:4      | Reached XP level 6. HP: 36/36 MP: 7/7
  3779 | D:5      | Entered Level 5 of the Dungeon
  3780 | D:5      | 3780 ||| PLANNING OSSUARY
  3803 | D:5      | Reached skill level 3 in Fighting
  3887 | D:5      | Found a sand-covered staircase.
  3896 | Ossuary  | Entered an ossuary
  3896 | Ossuary  | Noticed a wraith
  3896 | Ossuary  | Noticed a wraith
  3896 | Ossuary  | Noticed a wraith
  4071 | Ossuary  | 4071 ||| READING scroll of enchant armour.
  4071 | Ossuary  | 4071 ||| ENCHANTING +0 pair of gloves.
  4109 | Ossuary  | Noticed a wraith
  4120 | Ossuary  | HP: 1/37 [wraith (10)]
  4121 | Ossuary  | Slain by a wraith

Levels and vault maps discovered:
D:1:      eino_arrival_cavern_b, layout_loops_ring, serial_bayou_lagoon_a
D:2:      layout_loops_ring, serial_shops, shop, minmay_tetromino_l2,
          uniq_crazy_yiuf_cottage
D:3:      layout_loops_ring, nemelex_xobeh_ov_fountains_minmay, serial_shops,
          nicolae_diamond_shop, basic_ecumenical_altar, serial_bayou_ford_a,
          uniq_ijyb
D:4:      layout_basic, overflow_temple_1_default,
          minmay_temple_entry_stoned_glass, uniq_natasha
D:5:      layout_gridville, nicolae_ossuary_entry_monument, feat_on_display
Temple:   nicolae_temple_god_jail
Ossuary:  ossuary_kennysheep_city_of_the_dead

Skill      XL: |  1  2  3  4  5  6 |
---------------+-------------------+-----
Ranged Weapons | 3 4 5 |  5.6
Fighting       | 2 3 |  3.2
Armour         | 1 |  1.9
Dodging        | |  1.5
Spellcasting   | |  1.0
Hexes          | |  2.6

Action                     |  1- 3 |  4- 6 || total
---------------------------+-------+-------++-------
  Melee: Unarmed           |       |     7 ||     7
   Fire: Sling             |   125 |   221 ||   346
    Use: Scroll            |     2 |    14 ||    16
         Potion            |     1 |     2 ||     3
   Stab: Confused          |       |     1 ||     1
 Armour: Robe              |     3 |       ||     3
         Leather armour    |    12 |    10 ||    22
         Ring mail         |       |    89 ||    89
         Skin              |       |     1 ||     1
  Dodge: Dodged            |    30 |   115 ||   145

Table legend:
 A = Non-vault XP
 B = Vault XP
 C = Vault XP percentage of total XP
 D = Non-vault monster count
 E = Vault monster count
 F = Vault count percentage of total count
                 A         B        C        D         E       F
            +---------+---------+-------+---------+---------+-------
      Total |     367 |     119 |  24.5 |      82 |      12 |  12.8
            +---------+---------+-------+---------+---------+-------
        D:1 |      43 |       0 |   0.0 |      26 |       0 |   0.0
        D:2 |      49 |       3 |   5.8 |      24 |       2 |   7.7
        D:3 |      11 |      39 |  78.0 |       7 |       1 |  12.5
        D:4 |     164 |      35 |  17.6 |      21 |       1 |   4.5
        D:5 |     100 |       0 |   0.0 |       4 |       0 |   0.0
    Ossuary |       0 |      42 | 100.0 |       0 |       8 | 100.0
            +---------+---------+-------+---------+---------+-------
